 Dungeon Crawl Stone Soup version 0.27-a0-1296-g8ece459b43 (webtiles) character file.

Game seed: 6894324643943816207

232 HAL9000 the Sneak (level 6, -10/30 HPs)
             Began as a Vine Stalker Brigand on June 16, 2021.
             Blown up by Ijyb (21 damage)
             ... with a mindburst bolt
             ... on level 5 of the Dungeon.
             The game lasted 00:06:59 (2209 turns).

HAL9000 the Sneak (Vine Stalker Brigand)            Turns: 2209, Time: 00:07:00

Health: -10/30     AC:  3    Str: 15    XL:     6   Next: 4%
Magic:  0/7        EV: 26    Int: 11    God:
Gold:   65         SH:  0    Dex: 16    Spells: 5/5 levels left

rFire    . . .     SeeInvis .   a - +2 dagger
rCold    . . .     Faith    .   (no shield)
rNeg     . . .     Spirit   +   b - +0 robe
rPois    .         Reflect  .   (no helmet)
rElec    .         Harm     .   c - +0 cloak
rCorr    .         Rampage  .   (no gloves)
Will     .....                  (no boots)
Stlth    ++++......             p - amulet of the acrobat
HPRegen  1.10/turn              (no ring)
MPRegen  0.10/turn              (no ring)

@: acrobatic
A: fangs 2, regeneration 1, magic shield, antimagic bite, no potion heal 2
a: no special abilities


You were on level 5 of the Dungeon.
You visited 1 branch of the dungeon, and saw 4 of its levels.

You collected 65 gold pieces.

Inventory:

Hand Weapons
 a - a +2 dagger (weapon)
Missiles
 d - 24 poisoned darts (quivered)
 e - 2 curare-tipped darts
 j - 5 boomerangs
Armour
 b - a +0 robe (worn)
 c - a +0 cloak (worn)
Jewellery
 p - an amulet of the acrobat (around neck)
Scrolls
 h - a scroll of enchant armour {unknown}
 i - a scroll of amnesia {unknown}
 k - a scroll of identify {unknown}
 m - a scroll of holy word {unknown}
 n - a scroll of noise {unknown}
 o - a scroll of acquirement {unknown}
 q - 2 scrolls of fog {unknown}
 r - a scroll of immolation {unknown}
 s - a scroll of summoning {unknown}
Potions
 f - 3 potions of curing {unknown}
 g - a potion of lignification {unknown}
 l - a potion of haste {unknown}


   Skills:
 - Level 1.7 Fighting
 - Level 3.6 Short Blades
 - Level 1.7 Throwing
 - Level 0.7 Dodging
 + Level 7.7 Stealth


You had 5 spell levels left.
You didn't know any spells.
Your spell library was empty.

Dungeon Overview and Level Annotations

Branches:
Dungeon (3/15)

Altars:

Annotations:
D:3 Sigmund
D:5 Ijyb


Innate Abilities, Weirdness & Mutations

You have extremely sharp teeth.
Your natural rate of healing is unusually fast.
When hurt, damage is shared between your health and your magic reserves.
Your bite disrupts and absorbs the magic of your enemies.
Potions cannot restore your health.


Message History

You kill the jackal!
A jackal comes into view.
Found an escape hatch in the ceiling.
The helpless jackal fails to defend itself.
You stick the jackal like a pincushion!!!
You kill the jackal!
You see here a jackal corpse.
The helpless jackal fails to defend itself.
You impale the jackal!!
You kill the jackal!
No target in view!
s - a scroll labelled RIABAX MAOFRE A water moccasin comes into view.
A water moccasin is nearby!
The helpless water moccasin fails to defend itself.
You perforate the water moccasin like a sieve!!!
You kill the water moccasin!
Your Short Blades skill increases to level 3!
You have reached level 6!
Your experience leads to an increase in your attributes!
Increase (S)trength, (I)ntelligence, or (D)exterity?
You feel stronger.
You see here a jackal corpse.
There is an escape hatch in the ceiling here.
Ijyb the Twisted Goblin comes into view.
She is wielding a +0 dagger and carrying a wand of mindburst (20).
Ijyb is nearby!
Ijyb is nearby!
Ijyb shouts!
Ijyb zaps a wand.
Your mind is blasted!
Ouch! That really hurt!
* * * LOW HITPOINT WARNING * * *
Found a stone staircase leading up.
You are too injured to fight recklessly!
Unknown command.
Ijyb zaps a wand.
Your mind is blasted!
Ijyb zaps a wand.
Your mind is blasted!
* * * LOW HITPOINT WARNING * * *
Ijyb zaps a wand.
Your mind is blasted!
Ouch! That really hurt!
You die...

### ### ## #.# # #.#
.##### #.#### ##. #.#
.##..###..... #..#
##.###.##....##....
#..#####...#..###...†##...
##.............#
#.....##.. #.........@<..#
#......##. .
.####...##..## #..#....##
.. #..####.# ##.##....#
... ##..# #.# #.#######
#.. ##g.## #.# #..## ###
##<.. ##.### ##.#
#...###.. #.....##.##
#.†## ###......## #....#
##...###......### #....#
##............##


You could see Ijyb.

Vanquished Creatures
  A water moccasin (D:5)
  Jessica (D:3)
  3 gnolls
  An adder (D:2)
  3 dart slugs
  An endoplasm (D:1)
  3 giant cockroaches
  2 goblins
  6 hobgoblins
  13 jackals
  2 quokkas
  A ball python (D:1)
  3 bats
  4 frilled lizards
  4 kobolds
  5 rats
53 creatures vanquished.

Notes
Turn   | Place    | Note
-------+----------+-------------------------------------------
     0 | D:1      | HAL9000 the Vine Stalker Brigand began the quest for the
                  | Orb.
     0 | D:1      | Reached XP level 1. HP: 11/11 MP: 2/2
    65 | D:1      | Reached skill level 5 in Stealth
    66 | D:1      | Reached XP level 2. HP: 12/15 MP: 1/3
   672 | D:1      | Reached XP level 3. HP: 17/18 MP: 4/4
   778 | D:1      | Reached skill level 6 in Stealth
   873 | D:1      | Found a faded altar of an unknown god.
  1266 | D:2      | Gained mutation: Your natural rate of healing is unusually
                  | fast. [Vine Stalker growth]
  1266 | D:2      | Reached XP level 4. HP: 14/23 MP: 5/5
  1331 | D:2      | Reached skill level 7 in Stealth
  1674 | D:3      | Noticed Jessica
  1677 | D:3      | Noticed Sigmund
  1683 | D:3      | Killed Jessica
  1684 | D:3      | Reached XP level 5. HP: 26/26 MP: 6/6
  1823 | D:3      | You fall into a shaft and drop 2 floors!
  1823 | D:5      | Entered Level 5 of the Dungeon
  2143 | D:5      | Noticed a water moccasin
  2148 | D:5      | Killed a water moccasin
  2149 | D:5      | Reached XP level 6. HP: 30/30 MP: 7/7
  2196 | D:5      | Noticed Ijyb
  2209 | D:5      | Blown up by Ijyb

Illustrated notes

Levels and vault maps discovered:
D:1:      sevenhm_arrival_forest_fort_small_4, layout_basic,
          hellmonk_ecumenical_altar_arch_garden
D:2:      layout_basic
D:3:      layout_basic, jmf_multi_god_temple, serial_shops,
          nicolae_shop_crystal, uniq_sigmund, uniq_jessica
D:5:      layout_layer_cave, gammafunk_temple_overflow_wave,
          nrook_mini_backslash, uniq_ijyb, uniq_prince_ribbit1

Skill      XL: |  1  2  3  4  5 |
---------------+----------------+-----
Short Blades   | 2 3 |  3.6
Stealth        | 5 6 7 |  7.7
Fighting       | |  1.7
Throwing       | |  1.7
Dodging        | |  0.7

Action                   |  1- 3 |  4- 6 || total
-------------------------+-------+-------++-------
Melee: Dagger            |    89 |    23 ||   112
       Bite              |    20 |     5 ||    25
Throw: Dart              |    18 |    17 ||    35
 Stab: Sleeping          |     4 |     7 ||    11
Armor: Robe              |    25 |     2 ||    27
Dodge: Dodged            |    50 |    16 ||    66

Table legend: (Time is in decaauts)
 A = Elapsed time spent in this place.
 B = Non-inter-level travel time spent in this place.
 C = Inter-level travel time spent in this place.
 D = Time resting spent in this place.
 E = Time spent auto-exploring this place.
 F = Levels seen in this place.
 G = Mean time per level.
                   A        B        C        D        E       F      G
               +--------+--------+--------+--------+--------+-----+--------+
         Total |   2195 |   2098 |     97 |    291 |   1405 |   4 |  548.8 |
       Dungeon |   2195 |   2098 |     97 |    291 |   1405 |   4 |  548.8 |
               +--------+--------+--------+--------+--------+-----+--------+

Top non-repeatable levels by time:
     D:1: 1143 daAuts
     D:2: 535 daAuts
     D:5: 385 daAuts
     D:3: 131 daAuts
